 Dungeon Crawl Stone Soup version 0.18.1-48-g4cf74bf (webtiles) character file.

9021 Peloso the Blocker (level 11, 0/99 HPs)
             Began as a Minotaur Fighter on July 24, 2016.
             Was an Elder of Okawaru.
             Slain by a troll (9 damage)
             ... on level 10 of the Dungeon.
             The game lasted 00:24:29 (9645 turns).

Peloso the Blocker (Minotaur Fighter)               Turns: 9645, Time: 00:24:30

Health: 0/99       AC: 15    Str: 21    XL:     11   Next: 17%
Magic:  10/10      EV:  9    Int:  5    God:    Okawaru [****..]
Gold:   597        SH: 12    Dex: 13    Spells: 0 memorised, 10 levels left

rFire  . . .     SeeInvis .     v - +0 falchion (holy)
rCold  . . .     Gourm    .     w - +0 plate armour
rNeg   . . .     Faith    .     c - +0 shield
rPois  .         Spirit   .     (helmet restricted)
rElec  .         Dismiss  .     (no cloak)
rCorr  .         Reflect  .     x - +1 pair of gloves
SustAt .         Harm     .     u - +1 pair of boots
MR     .....                    (no amulet)
Stlth  ..........               (no ring)
                                (no ring)

@: about to teleport, corroded, not resistant to hostile enchantments, extremely
unstealthy
A: retaliatory headbutt, horns 2, talons 1
a: Heroism, Renounce Religion


You were on level 10 of the Dungeon.
You worshipped Okawaru.
Okawaru was greatly pleased with you.
You were not hungry.

You visited 2 branches of the dungeon, and saw 11 of its levels.

You collected 662 gold pieces.
You spent 65 gold pieces at shops.

Inventory:

Hand Weapons
 a - a +0 long sword
 i - the +3 morningstar "Jakyoqex" {flame, Str+6}
   (You found it on level 9 of the Dungeon)

   It has been specially enchanted to burn those struck by it, causing extra
   injury to most foes and up to half again as much damage against particularly
   susceptible opponents.
   It affects your strength (+6).
 v - a +0 falchion of holy wrath (weapon)
Armour
 b - a +0 scale mail
 c - a +0 shield (worn)
 u - a +1 pair of boots (worn)
 w - a +0 plate armour (worn)
 x - a +1 pair of gloves (worn)
Jewellery
 p - an uncursed amulet of dismissal
Wands
 d - a wand of confusion (23/48)
 o - a wand of acid (15/15)
 y - a wand of slowing (27/48)
Scrolls
 e - a scroll of fog
 k - 7 scrolls of teleportation
 s - 8 scrolls of magic mapping
 C - a scroll of identify
Potions
 l - 2 potions of curing
 n - a potion of invisibility
 q - a potion of cancellation
 r - a potion of heal wounds {unknown}
 t - a potion of cure mutation {unknown}
 z - a potion of agility {unknown}
 A - 2 potions of brilliance {unknown}
Comestibles
 f - 5 bread rations
 g - a royal jelly
 h - 3 beef jerkies
 j - 4 meat rations
 m - a slice of pizza
 B - 5 chunks of flesh


   Skills:
 + Level 9.6 Fighting
 + Level 9.4 Long Blades
 + Level 10.2 Armour
 + Level 8.0 Dodging
 + Level 1.0 Stealth
 + Level 10.7 Shields
 + Level 0.6 Invocations


You had 10 spell levels left.
You didn't know any spells.

Dungeon Overview and Level Annotations

Branches:
Dungeon (10/15)            Temple (1/1) D:6
   Lair: D:8-11         Orc: D:9-12

Altars:
Ashenzari
Cheibriados
Dithmenos
Elyvilon
Fedhas
Gozag
Kikubaaqudgha
Makhleb
Nemelex Xobeh
Okawaru
Pakellas
Qazlal
Ru
Sif Muna
Trog
Vehumet
Xom
Yredelemnul
Zin
The Shining One

Shops:
D:5 ?   D:6 (


Innate Abilities, Weirdness & Mutations

You reflexively headbutt those who attack you in melee.
You have a pair of horns on your head.
You have sharp toenails.


Message History

The hill giant is moderately wounded.
A hippogriff comes into view.
Read which item? (? for menu, Esc to quit)
As you read the scroll of teleportation, it crumbles to dust.
You feel strangely unstable. You block the hill giant's attack.
You block the troll's attack. The troll claws you but does no damage.
The troll claws you.
* * * LOW HITPOINT WARNING * * *
You slash the hill giant!
The hill giant is heavily wounded.
The troll barely misses you. The troll claws you.
* * * LOW HITPOINT WARNING * * *
The troll claws you but does no damage.
The hill giant hits you with a giant club!
* * * LOW HITPOINT WARNING * * *
Drink which item? (? for menu, Esc to quit)
You feel better. You block the troll's attack. The troll claws you!
* * * LOW HITPOINT WARNING * * *
The troll claws you!
You die...

...#######...# ##÷.#
#.#.######
###.######.#.. ...
............. ...
#........... #..
#.#...####.# #H#
#.###....#.## #H# #.#
####....## #T# #.##
###...###@# #..####
#.#..#JC# #..<..#
#.##.#.## #.....#
#.##...# #.....#
#.##..### #.....#
#.......#. #.....#
##.........#
#.....###.......#...#
#.........†.....##..#


You could see a hill giant, 2 hippogriffs, a troll and a jelly.

Vanquished Creatures
  2 centaur warriors (D:9)
  An ugly thing (D:8)
  3 trolls (D:9)
  A slime creature (D:8)
  2 two-headed ogres (D:9)
  A wraith (D:9)
  A yak (D:9)
  A hungry ghost (D:9)
  A vampire mosquito (D:8)
  2 hippogriffs
  A water moccasin (D:8)
  3 black bears
  5 orc warriors
  A necrophage (D:9)
  A phantom (D:6)
  4 sky beasts
  A wasp (D:8)
  2 ice beasts
  The ghost of unrecovered the Insei, an amateur MfMo (D:3)
  6 centaurs
  5 ogres
  6 giant frogs
  A gnoll sergeant (D:8)
  3 scorpions
  A wyvern skeleton (D:9)
  3 killer bees (D:8)
  4 wights (D:7)
  7 howler monkeys
  4 crimson imps
  A giant frog zombie (D:8)
  A quasit (D:10)
  3 centaur zombies
  An orc priest (D:10)
  6 hounds
  A jelly (D:9)
  4 iguanas
  A centaur skeleton (D:6)
  7 orc wizards
  14 worker ants
  A hound zombie (D:9)
  A worker ant zombie (D:6)
  10 adders
  3 gnolls (D:2)
  A shadow imp (D:6)
  An ooze (D:6)
  2 adder skeletons
  2 adder zombies
  4 worms
  A dart slug (D:1)
  5 giant geckos
  33 orcs
  2 bats
  4 giant cockroaches
  5 goblins
  12 hobgoblins
  4 jackals
  6 kobolds
  4 quokkas
  3 ball pythons
  A ball python skeleton (D:4)
  A giant cockroach zombie (D:6)
  A giant gecko zombie (D:8)
  4 giant newts
  A jackal skeleton (D:4)
  A quokka skeleton (D:8)
  A quokka zombie (D:6)
  9 rats
236 creatures vanquished.

Notes
Turn   | Place    | Note
--------------------------------------------------------------
     0 | D:1      | Peloso the Minotaur Fighter began the quest for the Orb.
     0 | D:1      | Reached XP level 1. HP: 19/19 MP: 0/0
   205 | D:1      | Reached XP level 2. HP: 27/27 MP: 1/1
   692 | D:3      | Reached XP level 3. HP: 33/33 MP: 2/2
   706 | D:3      | Reached XP level 4. HP: 26/41 MP: 3/3
  1001 | D:4      | Reached XP level 5. HP: 37/47 MP: 4/4
  1051 | D:4      | Reached skill level 5 in Fighting
  1369 | D:4      | Reached skill level 5 in Armour
  1369 | D:4      | Reached skill level 5 in Shields
  1390 | D:5      | Entered Level 5 of the Dungeon
  1417 | D:5      | Reached skill level 1 in Dodging
  1501 | D:5      | Reached XP level 6. HP: 53/56 MP: 5/5
  1738 | D:5      | Found Ufiazuk's Magic Scroll Boutique.
  1746 | D:5      | Bought a scroll of identify for 26 gold pieces
  1746 | D:5      | Bought a scroll of remove curse for 39 gold pieces
  1957 | D:5      | Noticed a sky beast
  1972 | D:5      | Killed a sky beast
  2047 | D:6      | Found Minnyrorph's Weapon Boutique.
  2148 | D:6      | Reached XP level 7. HP: 55/62 MP: 6/6
  2260 | D:6      | Found a deep blue altar of Sif Muna.
  2278 | D:6      | Found a basalt altar of Yredelemnul.
  2779 | D:2      | Found a faded altar to an unknown god.
  2902 | D:2      | Found a white marble altar of Elyvilon.
  3484 | D:3      | Noticed unrecovered's ghost (amateur MfMo)
  3504 | D:3      | Killed unrecovered's ghost
  3504 | D:3      | Reached XP level 8. HP: 59/70 MP: 7/7
  4326 | D:6      | Reached skill level 5 in Long Blades
  4394 | D:6      | Found a staircase to the Ecumenical Temple.
  4399 | Temple   | Entered the Ecumenical Temple
  5361 | D:7      | Found an iron altar of Okawaru.
  5363 | D:7      | Found an ancient bone altar of Kikubaaqudgha.
  5364 | D:7      | Found an opulent altar of Gozag.
  5365 | D:7      | Found a basalt altar of Yredelemnul.
  5371 | D:7      | Became a worshipper of Warmaster Okawaru
  5709 | D:8      | Reached skill level 5 in Dodging
  5709 | D:8      | Reached XP level 9. HP: 18/78 MP: 8/8
  6197 | D:8      | Reached * piety under Okawaru
  6206 | D:8      | Noticed a cyan ugly thing
  6220 | D:8      | Killed a cyan ugly thing
  6652 | D:8      | Found an oddly glowing altar of Pakellas.
  6872 | D:8      | Reached skill level 1 in Stealth
  7154 | D:8      | Reached ** piety under Okawaru
  7749 | D:8      | Reached XP level 10. HP: 83/88 MP: 6/9
  7960 | D:8      | Gained mutation: You have sharp toenails. [potion of beneficial mutation]
  8297 | D:9      | Reached *** piety under Okawaru
  8690 | D:9      | Got a polished morningstar
  8691 | D:9      | Identified the +3 morningstar "Jakyoqex" {flame, Str+6} (You found it on level 9 of the Dungeon)
  8913 | D:9      | Found a snail-covered altar of Cheibriados.
  8967 | D:9      | Reached skill level 10 in Shields
  9000 | D:9      | Noticed a centaur warrior
  9010 | D:9      | Killed a centaur warrior
  9010 | D:9      | Reached **** piety under Okawaru
  9018 | D:9      | Reached skill level 10 in Armour
  9120 | D:9      | Reached XP level 11. HP: 69/96 MP: 10/10
  9121 | D:9      | Noticed a centaur warrior
  9134 | D:9      | Killed a centaur warrior
  9368 | D:10     | Entered Level 10 of the Dungeon
  9511 | D:10     | Received a gift from Okawaru
  9626 | D:10     | Noticed a hill giant
  9645 | D:10     | Slain by a troll

Skill      XL: |  1  2  3  4  5  6  7  8  9 10 |
---------------+-------------------------------+-----
Fighting       | 4 5 6 7 9 |  9.6
Armour         | 4 5 6 7 8 9 10 | 10.2
Shields        | 4 5 6 8 9 10 | 10.7
Long Blades    | 3 4 5 7 9 |  9.4
Dodging        | 1 3 5 7 8 |  8.0
Stealth        | 1 |  1.0
Invocations    | |  0.6

Action                   |  1- 3 |  4- 6 |  7- 9 | 10-12 || total
-------------------------+-------+-------+-------+-------++-------
Melee: Long sword        |    56 |    85 |   418 |   311 ||   870
       Headbutt          |     7 |    16 |    91 |    75 ||   189
       Falchion          |       |       |       |    33 ||    33
Invok: Heroism           |       |       |     1 |     3 ||     4
  Use: Scroll            |       |     1 |    14 |     5 ||    20
       Potion            |       |       |     1 |     2 ||     3
  Eat: Chunk             |       |     4 |    17 |    10 ||    31
Armor: Scale mail        |    19 |    35 |   159 |    30 ||   243
       Plate armour      |       |       |       |   104 ||   104
Dodge: Dodged            |    19 |    27 |   159 |   130 ||   335
Block: Shield            |    20 |    44 |   257 |   209 ||   530
